Map: Arctic Dream LE

Players

qqq

  • Race: Zerg Zerg
  • League: Platinum
  • Spawn Location: 11:00

Massa

  • Race: Terran Terran
  • League: Gold
  • Spawn Location: 12:00

Sphere - Winner!

  • Race: Zerg Zerg
  • Spawn Location: 6:00

kesha - Winner!

  • Race: Zerg Zerg
  • Spawn Location: 5:00

VOD

Have the link to the VOD?

Description

Time

  • Played on: Aug. 31, 2020, 3:48 p.m.
  • Length: 16:11
Show
View Real Time Build Order
Export as new Build Order

qqq Zerg 

Build Orders: Hatch First 

Get SALT Encoding   

  12  0:03  Drone  
  13  0:10  Drone  
  14  0:35  Hatchery  
  13  0:42  Drone  
  14  0:54  Spawning Pool  
  13  1:06  Overlord  
  13  1:07  Drone  
  14  1:11  Extractor  
  14  1:14  Drone  
  14  1:27  Drone  
  15  1:43  Drone  
  16  1:48  Drone  
  16  1:51  Drone  
  18  2:04  Hatchery  
  17  2:18  Drone  
  17  2:19  Queen  
  17  2:21  Drone  
  21  2:24  Drone  
  21  2:28  Drone  
  23  2:36  Overlord  
  23  2:41  Zergling x2  
  23  2:43  Zergling x2  
  25  2:45  Zergling x2  
  26  2:52  Metabolic Boost  
  26  3:03  Zergling x2, Baneling Nest  
  26  3:06  Drone  
  26  3:08  Drone  
  28  3:14  Drone  
  28  3:16  Drone  
  28  3:18  Drone  
  31  3:29  Zergling x2  
  31  3:32  Drone  
  31  3:33  Drone, Zergling x4  
  36  3:41  Queen  
  36  3:46  Zergling x4  
  40  3:49  Baneling x2  
  40  3:52  Baneling x2  
  40  3:59  Zergling x4  
  41  4:07  Zergling x2  
  41  4:08  Zergling x2  
  40  4:20  Zergling x4  
  40  4:22  Overlord x3  
  40  4:38  Zergling x4  
  36  4:39  Zergling x10  
  37  4:54  Zergling x8  
  37  4:55  Zergling x2  
  42  5:03  Zergling x6  
  45  5:15  Zergling x2  
  45  5:16  Zergling x4  
  48  5:31  Zergling x4  
  48  5:32  Zergling x10  
  48  5:33  Zergling x4  
  46  5:46  Zergling x8  
  44  6:06  Zergling x2  
  44  6:07  Zergling x8  
  44  6:13  Zergling x2  
  44  6:14  Zergling x6  
  47  6:20  Zergling x2  
  47  6:21  Drone, Zergling x2  
  47  6:22  Zergling x4  
  51  6:28  Zergling x2  
  51  6:29  Drone  
  51  6:30  Drone, Zergling x2  
  55  6:37  Baneling  
  55  6:38  Baneling  
  55  6:39  Hatchery  
  54  6:40  Zergling x2  
  37  7:09  Zergling x2  
  37  7:10  Zergling x12  
  37  7:11  Zergling x8  
  48  7:17  Queen  
  50  7:23  Zergling x2  
  50  7:24  Zergling x4  
  54  7:42  Zergling x2  
  54  7:43  Zergling x4  
  57  7:50  Hatchery  
  56  7:59  Evolution Chamber  
  56  8:01  Roach Warren  
  56  8:02  Zergling x10  
  56  8:03  Zergling x8  
  56  8:04  Zergling x2  
  40  8:30  Zergling x8  
  40  8:31  Zergling x10  
  40  8:32  Zergling x4  
  46  8:40  Zergling x8  
  47  8:54  Drone  
  48  8:58  Drone  
  49  9:08  Hatchery  
  42  9:12  Roach x3  
  42  9:13  Drone  
  45  9:17  Zergling x4  
  46  9:31  Drone, Zergling x6  
  48  9:32  Drone  
  50  9:38  Zergling x4  
  50  9:39  Drone x2  
  54  9:50  Zergling x2  
  54  9:52  Lair  
  55  9:54  Overlord  
  55  9:56  Drone  
  56  10:04  Zergling x4  
  56  10:05  Drone x2  
  56  10:06  Zergling x2  
  61  10:17  Zergling x2  
  61  10:18  Zergling x4  
  61  10:20  Roach x2  
  68  10:21  Drone  
  69  10:34  Drone x3  
  69  10:35  Drone x4  
  75  10:36  Drone  
  75  10:56  Overlord x5  
  56  11:15  Roach x3  
  56  11:16  Roach x2  
  56  11:18  Glial Reconstitution  
  64  11:20  Zerg Ground Armor Level 1  
  64  11:22  Roach  
  64  11:23  Roach x4  
  64  11:24  Roach x2  
  78  11:37  Roach x5  
  78  11:38  Roach  
  78  11:39  Roach  
  92  11:40  Drone  
  92  11:41  Drone  
  92  11:42  Drone  
  95  11:48  Drone  
  95  11:50  Roach x3  
  95  11:52  Roach  
  104  12:00  Roach x3  
  110  12:04  Overlord x2  
  110  12:05  Overlord  
  110  12:29  Roach x3  
  120  12:30  Roach x7  
  120  12:31  Roach x2  
  134  12:38  Extractor, Drone  
  134  12:39  Overlord  
  134  12:41  Overlord x2  
  96  13:01  Roach  
  96  13:02  Roach x3  
  100  13:08  Extractor, Drone x3  
  100  13:09  Extractor  
  101  13:13  Drone x5  
  101  13:14  Drone x7, Extractor  
  101  13:15  Roach  
  114  13:25  Drone x3  
  114  13:26  Zergling x2  
  114  13:27  Roach x2  
  94  13:58  Roach x6  
  94  13:59  Zergling x8  
  94  14:00  Zergling x4  
  94  14:01  Zergling x12  
  106  14:15  Roach x4  
  106  14:16  Zergling x2  
  115  14:19  Zergling x4  
  115  14:20  Zergling x6  
  80  14:48  Drone x3  
  80  14:49  Extractor  
  82  14:57  Spire  
  81  15:00  Zergling x12  
  81  15:01  Zergling x6  
  89  15:11  Roach  
  89  15:12  Drone x2  
  89  15:13  Roach x2  
  82  15:21  Overseer  
Show
View Real Time Build Order
Export as new Build Order

Massa Terran 

Build Orders: Gas First Reaper Expand 

Get SALT Encoding   

  12  0:01  SCV  
  13  0:13  SCV  
  14  0:17  Supply Depot  
  14  0:25  SCV  
  15  0:29  Refinery  
  15  0:42  Barracks  
  15  0:44  SCV  
  16  0:54  Supply Depot  
  16  1:05  SCV  
  17  1:17  SCV  
  18  1:29  SCV  
  19  1:41  Command Center  
  19  1:45  Reaper  
  20  1:51  Orbital Command  
  20  2:17  Marine  
  20  2:18  Factory  
  21  2:25  SCV  
  21  2:27  Engineering Bay  
  22  2:36  Barracks Reactor  
  22  3:01  SCV  
  22  3:04  SCV  
  24  3:13  SCV, Command Center  
  24  3:16  SCV  
  26  3:21  Barracks  
  26  3:23  Hellion  
  26  3:25  Barracks Tech Lab, SCV  
  29  3:28  SCV  
  29  3:29  Hellion  
  32  3:34  Missile Turret  
  32  3:37  SCV  
  33  3:44  Marine  
  33  3:47  Hellion  
  37  3:48  SCV  
  37  3:55  Hellion  
  39  4:02  Marine  
  39  4:08  Hellion  
  41  4:27  Barracks Reactor  
  41  4:29  Stimpack  
  41  4:30  Marine  
  42  4:33  Orbital Command  
  42  4:48  Marine  
  39  5:05  Marine  
  44  5:07  Widow Mine x2  
  33  5:22  Marine x2  
  33  5:23  Marine  
  31  5:40  Marine x2  
  31  5:42  Marauder  
  35  5:43  Orbital Command  
  35  5:49  Widow Mine x2  
  37  5:52  SCV  
  38  5:57  Orbital Command  
  38  6:03  Marauder  
  40  6:04  SCV  
  40  6:07  Marine x2, Supply Depot  
  40  6:10  Widow Mine x2  
  45  6:16  SCV  
  45  6:17  Terran Infantry Weapons Level 1  
  43  6:24  Marauder  
  45  6:28  SCV, Marine x2  
  45  6:32  Supply Depot  
  48  6:46  Marauder  
  50  6:50  Combat Shield  
  50  6:52  SCV x2  
  52  7:03  SCV  
  52  7:04  SCV x2  
  52  7:07  Marauder  
  57  7:08  Barracks  
  57  7:11  Factory  
  57  7:16  SCV x2, Barracks  
  57  7:17  SCV  
  60  7:27  Refinery  
  60  7:28  SCV  
  61  7:30  Refinery  
  61  7:32  Refinery  
  61  7:38  Supply Depot  
  61  7:39  Supply Depot  
  61  7:41  Supply Depot  
  61  7:45  SCV x3  
  61  7:46  Marauder  
  61  7:47  Supply Depot  
  66  7:58  SCV  
  67  7:59  Marine x2  
  67  8:00  Marine  
  67  8:03  Hellion  
  67  8:04  Hellion x2  
  76  8:07  Marauder  
  76  8:12  Terran Infantry Armor Level 1  
  78  8:17  Marine x3  
  77  8:25  Hellion x3  
  82  8:29  Marauder  
  76  8:35  Marine x3  
  73  8:43  Barracks Tech Lab  
  73  8:46  Hellion x3  
  79  8:50  Marauder  
  79  8:52  Marine  
  79  8:53  Marine x2  
  84  9:07  Hellion  
  85  9:10  Marine x2  
  85  9:11  Marauder  
  85  9:13  Marauder  
  85  9:16  Barracks Reactor  
  91  9:23  Widow Mine x2  
  95  9:26  Concussive Shells  
  95  9:28  Marine x2  
  95  9:29  Widow Mine  
  99  9:33  Marauder  
  101  10:26  Marine x2  
  101  10:29  Marauder  
  101  10:30  Marauder  
  95  10:35  Marine x2  
  95  10:41  Starport  
  97  10:43  Marine x2  
  97  10:48  Armory  
  99  10:50  Marauder  
  99  10:55  Supply Depot  
  101  11:01  Refinery  
  101  11:02  Marine x2  
  101  11:03  SCV  
  101  11:06  Marine x2  
  101  11:08  Marauder  
  92  11:11  Marauder  
  92  11:16  SCV  
  87  11:19  Marine  
  87  11:20  Marine  
  87  11:21  Refinery  
  87  11:24  Marine x2  
  83  11:28  SCV  
  83  11:29  Marauder  
  84  11:33  Marauder  
  85  11:40  SCV, Marine x2  
  85  11:42  Marine x2  
  85  11:44  Factory Tech Lab  
  85  11:45  Hellion x2  
  94  11:50  Marauder  
  94  11:52  SCV  
  99  11:54  Marauder  
  99  11:57  Marine  
  99  11:58  Marine, Supply Depot  
  99  12:00  Marine x2  
  103  12:06  Command Center  
  103  12:07  Hellion x2  
  107  12:12  Marauder  
  109  12:19  Marine x4  
  109  12:20  Marauder, Command Center  
  109  12:21  Supply Depot  
  115  12:28  Hellion  
  117  12:43  Hellion, Marauder x2, Marine x2  
  122  12:44  Supply Depot  
  122  12:49  Hellion  
  119  13:05  Hellion, Marauder x2  
  124  13:07  Supply Depot  
  119  13:18  Marine x4  
  119  13:19  Siege Tank  
  115  13:26  Marauder x2  
  107  13:29  Supply Depot  
  107  13:31  Medivac  
  98  13:36  Marine x4  
  96  13:47  Marauder x2  
  94  13:51  Siege Tank  
  94  13:53  Marine  
  92  13:56  Marine  
  92  13:57  Marine x2  
  92  14:01  Medivac  
  84  14:03  Orbital Command  
  84  14:06  SCV x2  
  84  14:09  Marauder x2  
  90  14:11  Marine  
  90  14:14  Marine  
  90  14:15  Marine x2  
  94  14:23  Siege Tank  
  97  14:29  Marine  
  97  14:30  Marauder x2  
  97  14:31  Medivac  
  103  14:32  Marine  
  92  14:52  Marauder x2  
  95  14:56  Siege Tank  
  69  15:09  Marine  
  69  15:13  Marauder x2  
  69  15:20  Orbital Command  
  66  15:23  SCV  
  66  15:24  SCV x2  
  66  15:28  Siege Tank  
  72  15:34  Marauder x2  
  74  15:36  SCV x3  
  70  15:47  Marine x2  
  70  15:48  SCV x3  
Show
View Real Time Build Order
Export as new Build Order

Sphere Zerg - Winner!

Build Orders: Hatch First, Zergling Baneling 

Get SALT Encoding   

  12  0:00  Drone  
  13  0:13  Overlord  
  13  0:19  Drone  
  14  0:31  Drone x2  
  16  0:38  Drone  
  17  0:49  Drone  
  18  0:58  Hatchery  
  17  1:10  Drone x2  
  19  1:13  Extractor  
  19  1:16  Spawning Pool  
  17  1:19  Drone  
  18  1:33  Drone  
  19  1:43  Overlord  
  19  1:52  Drone  
  20  2:04  Queen  
  23  2:08  Zergling x2  
  23  2:10  Zergling x2  
  23  2:11  Queen  
  23  2:13  Drone  
  27  2:17  Metabolic Boost  
  27  2:23  Drone x2  
  29  2:31  Drone  
  30  2:37  Drone  
  30  2:41  Queen  
  30  2:43  Overlord  
  32  3:01  Zergling x2  
  32  3:02  Zergling x4  
  32  3:03  Evolution Chamber  
  34  3:13  Overlord  
  34  3:14  Zergling x8  
  38  3:30  Zerg Ground Armor Level 1  
  38  3:32  Baneling Nest  
  38  3:33  Drone x3  
  38  3:34  Zergling x8  
  44  3:43  Zergling x6  
  44  3:46  Overlord  
  47  3:55  Zergling x2  
  47  3:56  Zergling x4  
  39  4:18  Zergling x2  
  39  4:19  Zergling x8  
  39  4:20  Baneling x2  
  39  4:21  Baneling  
  42  4:26  Zergling x4  
  44  4:32  Baneling x3  
  42  4:44  Zergling x4  
  41  4:56  Zergling x6  
  41  4:57  Zergling x10  
  41  4:59  Baneling  
  49  5:00  Baneling x2  
  46  5:17  Zergling x6  
  46  5:18  Zergling x2  
  44  5:36  Zergling x10  
  44  5:37  Zergling x2  
  44  5:39  Zerg Melee Weapons Level 1  
  48  5:47  Baneling  
  46  5:52  Hatchery  
  46  5:53  Baneling  
  42  6:01  Zergling x8  
  42  6:02  Zergling x2  
  36  6:43  Extractor  
  36  6:44  Drone x10  
  36  6:45  Drone x3  
  43  6:47  Lair  
  43  6:51  Extractor  
  42  7:02  Zergling x2  
  42  7:03  Zergling x8  
  47  7:13  Drone x2  
  47  7:14  Drone  
  50  7:17  Queen  
  50  7:20  Zergling x2  
  50  7:21  Zergling x8  
  57  7:39  Extractor, Spore Crawler  
  57  7:41  Spore Crawler  
  54  7:51  Zerg Ground Armor Level 2  
  54  7:53  Infestation Pit  
  54  7:54  Drone x3  
  54  7:56  Drone x5  
  54  7:58  Evolution Chamber  
  60  8:09  Overlord x3  
  50  8:31  Zergling x2  
  50  8:32  Zergling x36  
  69  8:36  Hive  
  69  8:42  Drone  
  69  8:43  Drone  
  71  8:51  Zergling x2  
  71  8:52  Zergling x2  
  71  8:54  Drone x5  
  78  9:01  Zerg Melee Weapons Level 2  
  71  9:14  Zergling x2  
  71  9:15  Zergling x18  
  67  9:34  Zergling x8  
  67  9:35  Zergling x12  
  77  9:43  Centrifical Hooks  
  77  9:45  Baneling  
  77  9:46  Baneling x6, Overlord  
  77  9:47  Overlord x2  
  62  10:29  Drone  
  62  10:30  Drone x12  
  72  10:43  Drone  
  72  10:44  Drone x9, Ultralisk Cavern  
  68  11:26  Overlord  
  68  11:27  Overlord  
  68  11:34  Extractor, Ultralisk x2  
  68  11:35  Ultralisk  
  68  11:37  Chitinous Plating  
  68  11:39  Zerg Ground Armor Level 3  
  82  11:43  Drone x3  
  82  11:45  Extractor  
  82  11:46  Drone x4  
  88  11:48  Zergling x6  
  88  11:49  Zergling x6  
  94  11:56  Overseer  
  94  12:03  Spine Crawler  
  94  12:05  Hydralisk Den  
  94  12:06  Spine Crawler  
  91  12:22  Zergling x8  
  94  12:23  Ultralisk  
  94  12:28  Hatchery  
  95  12:34  Zergling x2  
  95  12:35  Zergling x8  
  100  12:37  Overlord  
  100  12:38  Overlord  
  94  12:53  Zergling x10  
  94  12:54  Zergling x8  
  94  12:56  Anabolic Synthesis  
  110  13:05  Ultralisk x2  
  110  13:06  Zergling x8  
  112  13:30  Zerg Melee Weapons Level 3  
  112  13:31  Overseer  
  112  13:32  Adrenal Glands  
  83  14:00  Zergling x6, Ultralisk x4  
  83  14:02  Overseer  
  103  14:15  Drone  
  103  14:16  Drone x5  
  109  14:28  Drone x4  
  119  14:31  Zergling x2, Ultralisk  
  113  14:48  Pathogen Glands  
  113  14:49  Extractor  
  110  14:53  Extractor  
  110  14:56  Zergling x4, Ultralisk x2  
  110  14:57  Zergling x4  
  119  15:10  Spire  
  119  15:12  Hatchery  
  119  15:14  Hatchery  
  116  15:25  Zergling x8  
  116  15:26  Zergling x14  
  125  15:46  Overlord x3  
Show
View Real Time Build Order
Export as new Build Order

kesha Zerg - Winner!

Build Orders: Hatch First 

Get SALT Encoding   

  12  0:01  Drone  
  13  0:12  Overlord  
  13  0:16  Drone  
  14  0:31  Drone x2  
  16  0:39  Drone  
  17  0:45  Drone  
  18  0:58  Drone  
  18  1:01  Extractor  
  18  1:03  Hatchery  
  17  1:14  Spawning Pool  
  16  1:20  Drone x2  
  18  1:28  Drone  
  19  1:46  Extractor  
  18  1:48  Drone  
  18  1:53  Drone  
  20  2:01  Drone  
  21  2:13  Overlord  
  21  2:14  Queen x2  
  25  2:24  Drone  
  25  2:26  Drone  
  27  2:33  Roach Warren  
  26  2:41  Drone x2  
  26  2:42  Drone  
  29  2:57  Drone  
  29  2:58  Drone x2  
  32  3:02  Overlord  
  32  3:14  Overlord x2  
  34  3:20  Roach x2  
  36  3:28  Roach  
  36  3:29  Roach x3  
  36  3:34  Roach x3  
  50  3:42  Roach  
  50  3:47  Roach  
  56  3:48  Roach  
  56  3:59  Roach x2  
  60  4:14  Overlord x2  
  58  4:39  Roach x4  
  58  4:40  Roach x2  
  66  5:24  Roach x5  
  66  5:25  Roach  
  74  5:36  Roach  
  74  5:37  Roach  
  66  5:48  Roach x2  
  64  6:11  Roach x4  
  66  6:15  Hatchery  
  59  6:22  Roach x3  
  59  6:23  Roach x2  
  59  6:24  Roach x3  
  75  6:42  Ravager  
  76  6:50  Overlord x3  
  69  7:18  Evolution Chamber, Roach  
  69  7:19  Evolution Chamber, Roach x6  
  69  7:20  Roach x2  
  85  7:32  Ravager  
  85  7:34  Ravager  
  85  7:35  Ravager  
  88  7:38  Roach x5  
  98  7:48  Roach  
  98  7:49  Roach x3  
  106  7:57  Overlord  
  106  7:58  Overlord x2  
  106  8:02  Zerg Missile Weapons Level 1  
  49  8:45  Roach x6  
  49  8:46  Roach x5  
  57  9:03  Roach  
  57  9:04  Roach x2  
  57  9:09  Roach  
  65  9:16  Extractor  
  64  9:18  Extractor  
  61  9:37  Roach  
  61  9:38  Roach x3  
  69  9:40  Roach  
  65  9:53  Lair  
  67  10:00  Roach x2  
  69  10:18  Drone x3  
  72  10:30  Zerg Ground Armor Level 1  
  72  10:36  Drone x5  
  72  10:37  Drone x3  
  72  11:24  Roach x9  
  64  11:36  Roach  
  64  11:37  Roach x2  
  68  11:49  Zerg Missile Weapons Level 2  
  68  11:52  Drone  
  69  11:54  Drone  
  69  11:55  Drone  
  69  11:56  Glial Reconstitution  
  71  12:02  Queen  
  71  12:04  Drone  
  71  12:05  Drone  
  71  12:06  Drone  
  76  12:10  Drone x3  
  76  12:11  Spine Crawler  
  76  12:12  Spine Crawler  
  77  12:18  Ravager x4  
  77  12:19  Ravager x2  
  77  12:21  Roach x2  
  87  12:50  Roach  
  87  12:51  Roach x9  
  99  12:54  Roach  
  99  12:55  Roach  
  96  13:07  Roach  
  96  13:08  Roach x3  
  99  13:21  Roach x3  
  105  13:27  Ravager  
  106  13:43  Roach x4  
  108  13:53  Roach  
  108  13:54  Roach x4  
  113  14:00  Roach  
  113  14:01  Roach  
  119  14:10  Roach x2  
  119  14:12  Overlord  
  101  14:47  Ravager x4  
  101  14:49  Roach x6  
  101  14:50  Roach x4  
  88  15:08  Roach x4  
  96  15:19  Roach  
  96  15:20  Roach x2  
  97  15:45  Roach x8  
  97  15:46  Roach  
Tags
 
Add a new tag
Caveats
  • Supply blocks, unpowered buildings, or Contaminate may cause inaccurate times.
  • Supply counts are checked every 10 seconds.